 Dungeon Crawl Stone Soup version 0.17-a0-764-gd40c196 (webtiles) character file.

228 SosiskaBagetyon the Chopper (level 5, 0/42 HPs)
             Began as a Demonspawn Chaos Knight on Apr 23, 2015.
             Slain by Prince Ribbit (8 damage)
             ... on level 5 of the Dungeon.
             The game lasted 00:06:53 (4034 turns).

SosiskaBagetyon the Chopper (DsCK)                  Turns: 4034, Time: 00:06:53

Health: 0/42       AC:  7    Str: 13    XL:     5   Next: 70%
Magic:  5/5        EV: 11    Int: 14    God:    Xom [.*....]
Gold:   193        SH:  0    Dex: 12    Spells: 0 memorised, 4 levels left

rFire  . . .     SeeInvis .     a - +0 hand axe (chaos)
rCold  . . .     Clarity  .     x - +0 ring mail (curse)
rNeg   . . .     SustAb   .     (no shield)
rPois  .         Gourm    .     j - +0 hat
rElec  .         Spirit   .     (no cloak)
rCorr  .         Warding  .     l - +0 pair of gloves
rMut   .         Rnd*Tele +     (no boots)
MR     .....                    (no amulet)
Stlth  +.........               v - ring of loudness (curse)
                                h - ring of teleportation (curse)

@: not resistant to hostile enchantments, very unstealthy
A: rugged brown scales 1, nightstalker 1
a: Renounce Religion, Evoke Teleportation


You were on level 5 of the Dungeon.
You worshipped Xom.
You were a plaything of Xom.
You were very hungry.

You visited 1 branch of the dungeon, and saw 5 of its levels.

You collected 193 gold pieces.

Inventory:

Hand weapons
 a - a +0 hand axe of chaos (weapon)
Armour
 b - a +2 leather armour
 j - a +0 hat (worn)
 l - a +0 pair of gloves (worn)
 n - a +0 chain mail
 x - a cursed +0 ring mail (worn)
Jewellery
 h - a cursed ring of teleportation (left hand)
 v - a cursed ring of loudness (right hand)
Scrolls
 e - a scroll of fog {unknown}
 f - 8 scrolls of identify {unknown}
 g - a scroll of remove curse {unknown}
 k - 2 scrolls of magic mapping {unknown}
 o - 4 scrolls of blinking {unknown}
 p - a scroll of enchant armour {unknown}
 q - 2 scrolls of teleportation {unknown}
 y - a scroll of fear {unknown}
Potions
 i - a potion of curing {unknown}
 r - 2 potions of restore abilities {unknown}
 t - 2 potions of haste {unknown}
 u - a potion of flight {unknown}
Comestibles
 c - 2 bread rations
 d - 2 meat rations
 m - 2 slices of pizza
 s - 2 fruits
 w - a beef jerky


   Skills:
 - Level 3.0 Fighting
 * Level 5.0 Axes
 + Level 2.8 Armour
 + Level 2.1 Dodging


You had 4 spell levels left.
You didn't know any spells.

Dungeon Overview and Level Annotations

Branches:
Dungeon (5/15)
 Temple: D:4-7

Altars:
Gozag

Annotations:
D:5 Prince Ribbit


Innate Abilities, Weirdness & Mutations

You are partially covered in rugged brown scales (AC +1, +3% HP).
You are slightly more attuned to the shadows.


Message History

y - a scroll labeled LUB QAOTRIANIY Prince Ribbit comes into view.
You aren't carrying any items that can be evoked.
Prince Ribbit hits you!
You hit Prince Ribbit. You freeze Prince Ribbit.
Prince Ribbit seems to slow down.
Prince Ribbit is lightly wounded.
Prince Ribbit hits you!
* * * LOW HITPOINT WARNING * * *
You closely miss Prince Ribbit.
Prince Ribbit is lightly wounded.
Prince Ribbit is no longer moving slowly.
Prince Ribbit hits you.
* * * LOW HITPOINT WARNING * * *
You are feeling very hungry.
You completely miss Prince Ribbit.
Prince Ribbit is lightly wounded.
Prince Ribbit hits you!
You die...
Xom cackles wildly!

#.. #.........##
#.. ##..###.....##
###..##..##
##.....#
......#..##
#.##...# #...##
##.# #.. ##.## #..#
#..######.##
#.........#
...#####........@#
#......<.####...F.#
.........#
#...##..#
.######.##...# #.#
#.. ..# .. ##...#
..# ..# # ..


You could see Prince Ribbit.

Vanquished Creatures
  2 iguanas (D:4)
  A jelly (D:3)
  A worker ant (D:4)
  A hound skeleton (D:5)
  3 adders
  An adder skeleton (D:4)
  5 giant geckos
  3 giant cockroaches
  8 hobgoblins
  2 quokkas
  A ball python (D:2)
  10 bats
  3 giant newts
  11 goblins
  A jackal skeleton (D:4)
  6 kobolds
  6 rats
65 creatures vanquished.

Vanquished Creatures (others)
  A bat (D:3)
1 creature vanquished.

Grand Total: 66 creatures vanquished

Notes
Turn   | Place    | Note
--------------------------------------------------------------
     0 | D:1      | SosiskaBagetyon, the Demonspawn Chaos Knight, began the quest for the Orb.
     0 | D:1      | Reached XP level 1. HP: 18/18 MP: 1/1
   126 | D:1      | Gained mutation: You are slightly more attuned to the shadows. [demonic ancestry]
   126 | D:1      | Reached XP level 2. HP: 5/24 MP: 2/2
   492 | D:1      | XOM: potion effect (might)
   855 | D:1      | Reached XP level 3. HP: 27/29 MP: 3/3
  1129 | D:2      | Reached skill level 1 in Dodging
  1149 | D:2      | Reached skill level 4 in Axes
  1149 | D:2      | XOM: harmless Hex miscast
  1212 | D:2      | XOM: silly message
  1276 | D:2      | XOM: medium Pois miscast
  1683 | D:2      | XOM: harmless Conj miscast
  1853 | D:3      | XOM: noise
  1936 | D:3      | Gained mutation: You are partially covered in rugged brown scales (AC +1, +3% HP). [demonic ancestry]
  1936 | D:3      | Reached XP level 4. HP: 29/36 MP: 4/4
  1967 | D:3      | XOM: scenery: 1 doors close
  2181 | D:3      | XOM: medium Pois miscast
  2677 | D:4      | XOM: stealth player
  2684 | D:4      | Reached XP level 5. HP: 28/42 MP: 5/5
  2747 | D:4      | XOM: smoke on damage
  3382 | D:4      | XOM: polymorph adder -> goblin
  3387 | D:4      | Reached skill level 5 in Axes
  3404 | D:4      | Found an opulent altar of Gozag.
  3513 | D:4      | XOM: colour smoke trail
  3848 | D:4      | XOM: mild Divn miscast
  3944 | D:4      | XOM: mild Necr miscast
  4000 | D:5      | Entered Level 5 of the Dungeon
  4029 | D:5      | Noticed Prince Ribbit
  4034 | D:5      | Slain by Prince Ribbit

Action                   |  1- 3 |  4- 6 || total
-------------------------+-------+-------++-------
Melee: Hand axe          |   143 |   107 ||   250
 Stab: Sleeping          |     1 |       ||     1
       Paralysed         |     1 |       ||     1
  Eat: Chunk             |     3 |     6 ||     9
